[Event "Live Chess"]
[Site "Chess.com"]
[Date "2023.05.21"]
[Round "-"]
[White "WilliamofOrange16th"]
[Black "Geomorph"]
[Result "1-0"]
[WhiteElo "1829"]
[BlackElo "1271"]
[TimeControl "300"]
[EndTime "0:36:29 PDT"]
[Termination "WilliamofOrange16th won by resignation"]

1. e4 e5 2. Nf3 Nc6 3. Bc4 Bc5 4. O-O Nf6 5. d4 exd4 6. e5 Ng4 7. Re1 O-O 8. Bg5 Qe8 9. Qe2 h6 10. Bf4 Qe7 11. h3 Nxf2 12. Qxf2 d3 13. Be3 Bxe3 14. Rxe3 dxc2 15. Qxc2 Qc5 16. Qc3 b6 17. Nbd2 Kh8 18. Kh1 Re8 19. Rae1 Bb7 20. Ne4 Qe7 21. Ng3 Nd8 22.
Nf5 Qc5 23. e6 Nxe6 24. Bxe6 Qxc3 25. Rxc3 dxe6 26. N5d4 c5 27. Nb5 Ba6 28. Nc7 Red8 29. Nxa8 Rxa8 30. Rd1 Kh7 31. Rd7 Kg6 32. Ne5+ Kf6 33.
Nc6 Bb5 34. Rf3+ Kg6 35. Ne7+ Kh7 36. Rc7 a5 37. Rxf7 1-0

[Event "Live Chess"]
[Site "Chess.com"]
[Date "2023.05.21"]
[Round "-"]
[White "Ferrarifan27"]
[Black "friarnator"]
[Result "1-0"]
[WhiteElo "2080"]
[BlackElo "1993"]
[TimeControl "300"]
[EndTime "0:37:11 PDT"]
[Termination "Ferrarifan27 won by checkmate"]

1. e4 e5 2. Nf3 Nc6 3. Bb5 a6 4. Ba4 Nf6 5. O-O Be7 6. Re1 b5 7. Bb3 O-O 8. c3 d5 9. exd5 Nxd5 10. Nxe5 Nxe5 11. Rxe5 c6 12. d3 Bd6 13. Re1 Qh4 14.
g3 Qh3 15. Re4 Nf6 16. Rh4 Qf5 17. Bc2 g5 18. d4 Qd5 19. Rh5 Nxh5 20. Qxh5 Bf5 21.
Qxg5+ Bg6 22. Bxg6 fxg6 23. Qxd5+ cxd5 24. Be3 Rac8 25.
Nd2 b4 26. cxb4 Bxb4 27. a3 Bxd2 28. Bxd2 Rc2 29. Be3 Rxb2 30. Rc1 Rb3 31. a4 Rb4 32. Rc5 Rd8 33. Ra5 Rb6 34. Bf4 Rd7 35. Be5 Kf7 36. Rc5 Ke6 37. a5 Rb1+ 38. Kg2 Kf5 39. Rc6 Ra7 40.
f3 h5 41. Rf6+ Kg5 42. h4+ Kh6 43. Rf8 Rh7 44. Ra8 Rb2+ 45. Kh3 Rb3 46. Rxa6 Rxf3 47. Rd6 Ra3 48. Rxd5 Ra7 49. Bf4+ Kh7 50. Be5 R3xa5 51. Rd8 Ra4 52. Rh8# 1-0

[Event "Live Chess"]
[Site "Chess.com"]
[Date "2023.05.21"]
[Round "-"]
[White "BostonStrangler"]
[Black "mattihelenius2"]
[Result "1-0"]
[WhiteElo "2058"]
[BlackElo "493"]
[TimeControl "300"]
[EndTime "0:37:15 PDT"]
[Termination "BostonStrangler won by resignation"]

1. Nf3 d5 2. g3 Nf6 3. Bg2 Nc6 4. c4 e5 5. cxd5 Nxd5 6. d3 Nf6 7.
O-O Bg4 8. Nc3 Bb4 9. Qa4 Qd7 10. Nxe5 Nxe5 11. Qxb4 Nd5 12. Nxd5 Qxd5 13. Bxd5 1-0

[Event "Live Chess"]
[Site "Chess.com"]
[Date "2023.05.21"]
[Round "-"]
[White "seasidecastle27"]
[Black "Duke_of_Bebington"]
[Result "1-0"]
[WhiteElo "1838"]
[BlackElo "1585"]
[TimeControl "300"]
[EndTime "0:37:18 PDT"]
[Termination "seasidecastle27 won by resignation"]

1. d4 d5 2. Nf3 Nf6 3. Bf4 Bf5 4. e3 e6 5. Bd3 Bxd3 6. Qxd3 c6 7. Nbd2 Bd6 8. Bg3 Bxg3 9. hxg3 Qb6 10. O-O-O a5 11. e4 a4 12. a3 Ng4 13. Qe2 Nd7 14. Ng5 Ngf6 15. e5 Ng8 16. Rxh7 Rxh7 17. Nxh7 Qxd4 18.
Nf3 Qg4 19. Nhg5 Nh6 20. Nh3 Nf5 21. Nf4 O-O-O 22. Qd2 Nc5 23. Qb4 Ne4 24. Nd3 Kc7 25. Qa5+ Kc8 26. Qxa4 Ne7 27. Nc5 Nxc5 28. Qxg4 1-0

[Event "Live Chess"]
[Site "Chess.com"]
[Date "2023.05.21"]
[Round "-"]
[White "Shepherds_Pie"]
[Black "Driftboard"]
[Result "1-0"]
[WhiteElo "1928"]
[BlackElo "842"]
[TimeControl "300"]
[EndTime "0:37:22 PDT"]
[Termination "Shepherds_Pie won by checkmate"]

1. c4 e5 2. Nc3 Nf6 3. Nf3 Nc6 4. e3 Bb4 5. Qc2 d6 6. Nd5 Bg4 7. Be2 Bxf3 8. Bxf3 O-O 9. a3 Bc5 10. O-O h6 11. b4 Bb6 12. Bb2 a6 13. Rad1 Re8 14.
d3 Ne7 15. Nxf6+ gxf6 16. d4 exd4 17. exd4 c6 18. d5 cxd5 19. cxd5 Rc8 20. Qd2 Nf5 21. Bg4 Ng3 22. hxg3 Rc7 23. Qxh6 f5 24. Qg7# 1-0

[Event "Live Chess"]
[Site "Chess.com"]
[Date "2023.05.21"]
[Round "-"]
[White "JamesWallman"]
[Black "Mikhail_Golubev"]
[Result "0-1"]
[WhiteElo "757"]
[BlackElo "2472"]
[TimeControl "300"]
[EndTime "0:37:44 PDT"]
[Termination "Mikhail_Golubev won by checkmate"]

1. e4 a6 2. d4 b5 3. Nf3 Bb7 4. Bd3 e6 5. O-O Nf6 6. Nc3 b4 7. Ne2 Nxe4 8. Be3 Be7 9. a3 bxa3 10. bxa3 O-O 11. h3 c5 12. Nh2 Qc7 13. Ng4 c4 14. Bxe4 Bxe4 15. f3 Bg6 16. Ne5 d6 17. Nxg6 hxg6 18.
Kh1 Nd7 19. Qe1 Nf6 20. Qg3 Nd5 21. Qf2 Rab8 22. Nf4 Nxf4 23. Bxf4 Rb2 24. Rae1 Qc6 25. Re2 Bf6 26. Be3 Rfb8 27. Rfe1 Rb1 28. Rxb1 Rxb1+ 29. Kh2 c3 30. Qg3 Qc4 31. Rf2 Bxd4 32. Bxd4 Qxd4 33.
h4 Re1 34. h5 gxh5 35. f4 Qd1 36. f5 Rh1# 0-1

[Event "Live Chess"]
[Site "Chess.com"]
[Date "2023.05.21"]
[Round "-"]
[White "f4nomore"]
[Black "chessleanstrategist"]
[Result "0-1"]
[WhiteElo "1399"]
[BlackElo "430"]
[TimeControl "300"]
[EndTime "0:38:09 PDT"]
[Termination "chessleanstrategist won on time"]

1. d4 Nf6 2. Bg5 g6 3. Bxf6 exf6 4. e3 Bg7 5. Nf3 h6 6. Be2 O-O 7. O-O d5 8. Nc3 c6 9. a3 a5 10.
Na4 Bg4 11. Nd2 Bxe2 12. Qxe2 b5 13. Nc5 Nd7 14. Nb7 Qc7 15. Nc5 Nxc5 16. dxc5 Rfe8 17. c3 Re6 18. b4 axb4 19. axb4 Rxa1 20. Rxa1 Kh7 21.
g3 f5 22. Rc1 Qe7 23. Nf3 f4 24. gxf4 f5 25. Nd4 Rf6 26. Ra1 g5 27. fxg5 hxg5 28. Ra6 Qb7 29. Ra1 Qe7 30. Qh5+ Bh6 31. Qf3 f4 32. Ra6 Qb7 33. Rb6 Qd7 34. Qe2 g4 35. Qd3+ Kg7 36. Ne2 f3 37. Ng3 Rf7 38. Nh5+ Kf8 39.
Qg6 Bg7 40. Rb8+ Ke7 0-1

[Event "Live Chess"]
[Site "Chess.com"]
[Date "2023.05.21"]
[Round "-"]
[White "quantum_void"]
[Black "MaximKris"]
[Result "1-0"]
[WhiteElo "1486"]
[BlackElo "1823"]
[TimeControl "300"]
[EndTime "0:38:14 PDT"]
[Termination "quantum_void won by checkmate"]

1. e4 e5 2. Nf3 Nc6 3. Bb5 a6 4. Ba4 Nf6 5. O-O Nxe4 6. Re1 Nc5 7. Bxc6 dxc6 8. Nxe5 Be7 9. Nc3 O-O 10. d4 Ne6 11.
Be3 Bg5 12. Qf3 Bxe3 13. fxe3 Qf6 14. Qxf6 gxf6 15. Ng4 Kg7 16. Rf1 Nxd4 17. Nxf6 Nxc2 18. Rac1 Nxe3 19. Rf2 Ng4 20. Nxg4 Bxg4 21. h3 Be6 22. Rcf1 f6 23. Rf4 Rad8 24. R1f2 f5 25. a3 Rf6 26. Kh2 Rg6 27. Na4 Rd5 28. Nc3 Re5 29. Ne2 Re4 30. R4f3 Rh4 31. Ng3 f4 32. Ne4 Bf5 33. Nc5 b6 34. Nb3 Be4 35. Rc3 f3 36. g3 Rh5 37.
Nd4 c5 38. Nxf3 Bf5 39. h4 Bg4 40. Ng5 Bf3 41. Nxf3 Rgh6 42. Rd2 Rxh4+ 43. Nxh4 Rxh4+ 44. gxh4 Kg8 45. Rd7 Kh8 46. Rxc7 h6 47. Re3 h5 48. Re8# 1-0

[Event "Live Chess"]
[Site "Chess.com"]
[Date "2023.05.21"]
[Round "-"]
[White "mirandaasilva"]
[Black "tpm07"]
[Result "0-1"]
[WhiteElo "1643"]
[BlackElo "1928"]
[TimeControl "300"]
[EndTime "0:38:29 PDT"]
[Termination "tpm07 won on time"]

1. Nf3 d5 2. g3 Bg4 3. d4 Bxf3 4. exf3 c5 5. f4 Nc6 6. dxc5 e6 7. Bb5 Bxc5 8. Bxc6+ bxc6 9. O-O Nf6 10. Nc3 O-O 11.
Na4 Bd6 12. b3 Ne4 13. Bb2 Be7 14. f3 Nd6 15. Qe2 Nf5 16. Be5 c5 17. Bc3 d4 18.
Bd2 Qd7 19. Rae1 Rfc8 20. Qc4 Nd6 21. Qa6 Qb5 22. Qxb5 Nxb5 23. h4 Nc7 24. Re5 Nd5 25. Rfe1 Bf6 26. R5e2 c4 27. g4 g6 28. f5 Bxh4 29.
fxe6 Bxe1 30. exf7+ Kxf7 31. Bxe1 cxb3 32. axb3 Re8 33. Rxe8 Rxe8 34. Bg3 Ne3 35. c4 d3 36. Nc3 d2 37. Bf2 d1=Q+ 38. Nxd1 Nxd1 39. Bxa7 Nb2 40. Kg2 Ra8 41. Bb6 Rb8 42. c5 Nd3 43. Kh3 Ne5 0-1

[Event "Live Chess"]
[Site "Chess.com"]
[Date "2023.05.21"]
[Round "-"]
[White "JoeRoot66"]
[Black "Tiltador"]
[Result "1-0"]
[WhiteElo "1924"]
[BlackElo "761"]
[TimeControl "300"]
[EndTime "0:38:47 PDT"]
[Termination "JoeRoot66 won by checkmate"]

1. e4 e5 2. Nc3 d6 3. Bc4 Be6 4.
Bxe6 fxe6 5. f4 exf4 6. Nf3 e5 7. d4 exd4 8. Qxd4 Nc6 9. Qa4 Ne7 10. Bxf4 g6 11. O-O Bg7 12. e5 dxe5 13. Nxe5 O-O 14.
Qb3+ Kh8 15. Nf7+ Rxf7 16. Qxf7 Qf8 17. Qe6 Nd4 18. Qe4 c6 19. Be5 Qg8 20. Qxd4 Nf5 21. Bxg7+ Qxg7 22. Qxg7+ Nxg7 23. Rf7 Rb8 24. Re1 Nf5 25.
g4 Nh4 26. Ree7 a6 27. Rxh7+ Kg8 28. Rxh4 b5 29. Ne4 Rd8 30. Nf6+ Kf8 31. Ra7 Rd1+ 32. Kf2 Rd2+ 33. Ke3 Rxc2 34. Rh8# 1-0

[Event "Live Chess"]
[Site "Chess.com"]
[Date "2023.05.21"]
[Round "-"]
[White "chessfiction"]
[Black "EdenHazard8"]
[Result "1-0"]
[WhiteElo "2355"]
[BlackElo "1959"]
[TimeControl "300"]
[EndTime "0:38:57 PDT"]
[Termination "chessfiction won by resignation"]

1. e4 c6 2. d4 d5 3. Nc3 dxe4 4. f3 Nf6 5. fxe4 e5 6. Nf3 exd4 7.
Qxd4 Qxd4 8. Nxd4 Bc5 9. Nb3 Bb6 10. Bg5 O-O 11. Bxf6 gxf6 12. O-O-O Be6 13. Nd4 Na6 14. Nxe6 fxe6 15. Bc4 Nc7 16. Rd7 Rad8 17. Rhd1 Rxd7 18. Rxd7 Rf7 19. Rxc7 Rxc7 20. Bxe6+ Kg7 21. Kd2 Re7 22.
Bf5 Re8 23. Ne2 Rd8+ 24. Ke1 Bc7 25. g3 Be5 26. c3 Rb8 27. Kf2 Rd8 28. Ke1 b5 29.
Ng1 b4 30. cxb4 Bxb2 31. Nf3 Bc3+ 32. Ke2 Bxb4 33. Nh4 Rd2+ 34. Kf3 c5 35. Be6 c4 36. Bxc4 Rxh2 37. Nf5+ Kf8 38. Nd4 Rc2 39. Bb3 Rc3+ 40.
Kg4 Bd6 41. Kf5 Rxg3 42. Kxf6 h5 43. Nf5 Rf3 44. Kg6 Be5 45. Kxh5 Rf4 46. Bd5 Ke8 47. Kg5 a5 48. Ng7+ Kd8 49. Ne6+ 1-0

[Event "Live Chess"]
[Site "Chess.com"]
[Date "2023.05.21"]
[Round "-"]
[White "diana21strabt"]
[Black "JohanKjeldahl"]
[Result "1/2-1/2"]
[WhiteElo "1716"]
[BlackElo "1888"]
[TimeControl "300"]
[EndTime "0:39:10 PDT"]
[Termination "Game drawn by agreement"]

1. e4 c5 2. Nf3 e6 3. d4 cxd4 4.
Nxd4 Nc6 5. Nc3 Qc7 6. Ndb5 Qb8 7. g3 a6 8. Nd4 Nf6 9. Nxc6 dxc6 10. Bf4 e5 11.
Bg5 Be7 12. Bg2 O-O 13. O-O Be6 14. Ne2 b5 15. f4 Qb6+ 16. Kh1 Rad8 17. Qe1 h6 18. Bxf6 Bxf6 19. f5 Bc4 20. b3 Bxe2 21.
Qxe2 Rd6 22. Rad1 Rfd8 23. Rxd6 Rxd6 24. Qf2 Qxf2 25. Rxf2 Rd1+ 26. Bf1 Bg5 27. Kg2 Kf8 28.
c4 Ke7 29. cxb5 cxb5 30. a4 bxa4 31. bxa4 a5 32. Rb2 Rd4 33. Rb7+ Rd7 34. Rxd7+ Kxd7 35. h4 Bd2 36. g4 f6 37. Kf3 Kd6 38. Bb5 Kc5 1/2-1/2

[Event "Live Chess"]
[Site "Chess.com"]
[Date "2023.05.21"]
[Round "-"]
[White "hturner40"]
[Black "SupremeTactician"]
[Result "1-0"]
[WhiteElo "1794"]
[BlackElo "2290"]
[TimeControl "300"]
[EndTime "0:39:20 PDT"]
[Termination "hturner40 won by resignation"]

1. g3 e5 2. c4 d5 3. cxd5 Qxd5 4. Nf3 e4 5. Nc3 Qf5 6. Nd4 Qe5 7. Ndb5 a6 8. d4 exd3 9. Bf4 dxe2 10. Bxe2 Qxb5 11.
Bxb5+ axb5 12. Nxb5 Bb4+ 13. Bd2 Bxd2+ 14. Qxd2 Na6 15.
O-O Be6 16. Qg5 Ne7 17. Qxg7 O-O-O 18. Rfc1 Kb8 19. Qe5 Nc6 20. Rxc6 bxc6 21. Nd4 Rd5 22. Qxh8+ Kb7 23. Nxe6 fxe6 1-0

[Event "Live Chess"]
[Site "Chess.com"]
[Date "2023.05.21"]
[Round "-"]
[White "matt1979"]
[Black "LiamClery2020"]
[Result "0-1"]
[WhiteElo "1529"]
[BlackElo "2028"]
[TimeControl "300"]
[EndTime "0:39:31 PDT"]
[Termination "LiamClery2020 won by resignation"]

1. f4 e5 2. e4 d5 3. exd5 e4 4. Nc3 Nf6 5. d3 Bg4 6. Be2 Bxe2 7.
Qxe2 Bb4 8. Bd2 O-O 9. O-O-O exd3 10. Qxd3 Nbd7 11. Nf3 Re8 12. Rhe1 Nc5 13. Qc4 Na6 14.
a3 Bd6 15. Ne5 Qc8 16. g4 Nxg4 17. Nxg4 Qxg4 18. Rg1 Qf5 19. Rg5 Qf6 20. Rdg1 g6 21. Ne4 Rxe4 22. Qxe4 Bxa3 23. Bc3 Qxc3 24. bxa3 Nc5 25.
Qa4 0-1

[Event "Live Chess"]
[Site "Chess.com"]
[Date "2023.05.21"]
[Round "-"]
[White "raminguy"]
[Black "Salpingidis"]
[Result "0-1"]
[WhiteElo "1932"]
[BlackElo "2212"]
[TimeControl "300"]
[EndTime "0:39:32 PDT"]
[Termination "Salpingidis won on time"]

1. d4 e6 2. Nc3 Nf6 3. e4 d5 4. Bg5 dxe4 5. Nxe4 Nbd7 6. Nf3 Be7 7. Nc3 O-O 8. Bd3 b6 9. O-O Bb7 10. Re1 c5 11. h4 cxd4 12. Nxd4 Nc5 13. Bf1 Rc8 14.
h5 h6 15. Bh4 Qc7 16. Bg3 Qd7 17. Bb5 Qd8 18. Bh4 Qc7 19. Bg3 Bd6 20. Nxe6 Bxg3 21. Nxc7 Bxc7 22. Re7 Rcd8 23. Qe2 Bd6 24. Re3 Bf4 25. Re7 Bd6 26. Re3 Bf4 27. Re7 Rd2 28.
Qe1 Ng4 29. Be2 Nf6 30. b4 Nce4 31. Nxe4 Bxe4 32. g3 Bd6 33. Rxa7 Rxc2 34. Rd1 Be5 35. Bd3 Bd4 36. Bxc2 Bxf2+ 37. Qxf2 Bxc2 38. Qxc2 Re8 39. Re1 Rf8 40. Kf2 Ng4+ 41. Kg2 Nf6 42. Qc7 Ng4 43. Qxf7+ Rxf7 44. Re8+ Rf8 45. Rxf8+ Kxf8 46. Rb7 Ne3+ 0-1

[Event "Live Chess"]
[Site "Chess.com"]
[Date "2023.05.21"]
[Round "-"]
[White "WilliamofOrange16th"]
[Black "HoarseyHorsey"]
[Result "1-0"]
[WhiteElo "1831"]
[BlackElo "1457"]
[TimeControl "300"]
[EndTime "0:40:37 PDT"]
[Termination "WilliamofOrange16th won by resignation"]

1. e4 c5 2. b4 e6 3. bxc5 Bxc5 4. Nf3 d5 5. exd5 exd5 6. d4 Be7 7. Bd3 Nf6 8. h3 O-O 9. O-O Nc6 10. c3 Be6 11. Bf4 Bd6 12. Qd2 Re8 13. a4 Qc7 14. Bxd6 Qxd6 15. Na3 a6 16. Nc2 Rab8 17. Rfe1 Qd7 18.
Ne5 Nxe5 19. Rxe5 h6 20. a5 Nh7 21. Nb4 Bxh3 22. Rxe8+ Rxe8 23. Bxh7+ Kxh7 24. gxh3 Qxh3 25. Qf4 Qe6 26. Nd3 Qg6+ 27. Qg3 Qf5 28. Ne5 f6 29. Qd3 Qxd3 30. Nxd3 1-0

[Event "Live Chess"]
[Site "Chess.com"]
[Date "2023.05.21"]
[Round "-"]
[White "martynstanley"]
[Black "Ian-Morley"]
[Result "1-0"]
[WhiteElo "1018"]
[BlackElo "1049"]
[TimeControl "300"]
[EndTime "0:40:39 PDT"]
[Termination "martynstanley won on time"]

1. d4 e5 2. dxe5 Nc6 3. f4 Qe7 4. e3 Qb4+ 5. c3 Qe4 6. Nf3 Nge7 7. Bd3 Qd5 8. O-O b6 9. Na3 a6 10. Bc4 Qxd1 11. Rxd1 b5 12. Bxf7+ Kxf7 13. Ng5+ Ke8 14. b3 h6 15. Ne4 1-0

[Event "Live Chess"]
[Site "Chess.com"]
[Date "2023.05.21"]
[Round "-"]
[White "Mugzwang"]
[Black "Hacker_2009"]
[Result "1-0"]
[WhiteElo "1601"]
[BlackElo "1919"]
[TimeControl "300"]
[EndTime "0:40:40 PDT"]
[Termination "Mugzwang won by resignation"]

1. Nf3 Nf6 2. g3 e6 3. Bg2 d5 4. d4 Be7 5. O-O b6 6. c4 O-O 7.
Nc3 Bb7 8. cxd5 Nxd5 9. Nxd5 Bxd5 10. Qc2 c5 11. dxc5 Bxc5 12. Rd1 Na6 13. e4 Rc8 14. exd5 exd5 15. Qd2 Nc7 16. Ng5 h6 17. Nf3 Re8 18. b4 Be7 19. Bb2 Bf6 20. Bxf6 Qxf6 21. Qd4 Qd6 22. Re1 Rcd8 23. Rad1 Ne6 24. Qb2 d4 25.
Bh3 Qd5 26. Bxe6 fxe6 27. Nxd4 Qh5 28. Qe2 Qxe2 29. Nxe2 Rc8 30. Nf4 e5 31. Ng6 Rc2 32. Rxe5 Rxe5 33. Nxe5 Rxa2 34. Nc6 a6 35. Rd8+ Kh7 36.
Ra8 Rc2 37. Nb8 1-0

[Event "Live Chess"]
[Site "Chess.com"]
[Date "2023.05.21"]
[Round "-"]
[White "peter-785"]
[Black "Crowded_House"]
[Result "0-1"]
[WhiteElo "1196"]
[BlackElo "1664"]
[TimeControl "300"]
[EndTime "0:40:59 PDT"]
[Termination "Crowded_House won by resignation"]

1. e4 e6 2. Nf3 d5 3. exd5 exd5 4. d4 Bd6 5. Be2 Ne7 6. O-O O-O 7. h3 Nd7 8. Be3 Nf6 9. Nbd2 Nf5 10. c4 c6 11. c5 Bc7 12. Re1 Re8 13. Bg5 h6 14. Bh4 Nxh4 15. Nxh4 Bd7 16. Nhf3 Ne4 17. Nxe4 Rxe4 18.
Nd2 Re6 19. Nf3 Qe7 20. Bf1 Rxe1 21. Qxe1 Re8 22. Qxe7 Rxe7 23. Re1 Rxe1 24. Nxe1 Bf5 25. Bd3 Bxd3 26. Nxd3 Bd8 27. Kf1 Bf6 28. Ne5 g5 29. Ke2 Bxe5 30. dxe5 Kf8 31. Ke3 Ke7 32. f4 f6 33.
fxg5 hxg5 34. exf6+ Kxf6 35. g4 b6 36. b4 bxc5 37.
bxc5 a5 38. Kd4 a4 39. a3 Ke6 40. Ke3 Ke5 41. Kd3 Kf4 42. Ke2 Kg3 0-1

[Event "Live Chess"]
[Site "Chess.com"]
[Date "2023.05.21"]
[Round "-"]
[White "Denz14"]
[Black "Leonid_Starozhilov"]
[Result "0-1"]
[WhiteElo "1022"]
[BlackElo "2648"]
[TimeControl "300"]
[EndTime "0:41:06 PDT"]
[Termination "Leonid_Starozhilov won by resignation"]

1. e4 c5 2. Nf3 e6 3. c3 Nf6 4. d3 Nc6 5. Bg5 h6 6. Bh4 d5 7. e5 g5 8. exf6 gxh4 9. Nxh4 Qxf6 10. Nf3 Bd6 11. Nbd2 Bd7 12. Qb3 O-O-O 13. a4 h5 14. a5 a6 15. c4 Bc7 16. cxd5 exd5 17. Qc3 Rhe8+ 18. Kd1 Qxc3 19. bxc3 Bxa5 20. c4 Bg4 21. h3 Bxf3+ 22. gxf3 Bxd2 23. Kxd2 dxc4 24. Kc3 Nd4 25. dxc4 Nxf3 26. Bg2 Nd4 27. Rab1 Rd7 28. h4 Re2 29.
Bh3 f5 30. Rbd1 Rc2+ 31. Kd3 Rxf2 32. Ke3 Rf3+ 0-1

[Event "Live Chess"]
[Site "Chess.com"]
[Date "2023.05.21"]
[Round "-"]
[White "Tushinskiy"]
[Black "Biranidun"]
[Result "0-1"]
[WhiteElo "2183"]
[BlackElo "2541"]
[TimeControl "300"]
[EndTime "0:41:13 PDT"]
[Termination "Biranidun won by resignation"]

1. d4 Nf6 2. c3 g6 3. Nf3 Bg7 4.
Bf4 O-O 5. Bg3 d6 6. Nbd2 b6 7.
e4 Bb7 8. Bd3 c5 9. d5 a6 10.
Qe2 b5 11. O-O c4 12. Bc2 Nbd7 13. Rad1 Nc5 14. Nd4 Re8 15. f4 e6 16. dxe6 Nxe6 17. Nxe6 Rxe6 18. Rfe1 Nh5 19. Qf2 Nxg3 20. hxg3 Qc7 21. Nf3 Rae8 22. Nd4 R6e7 23. f5 Be5 24. Kh2 h5 25. fxg6 fxg6 26. Nf3 Bg7 27. Nh4 Rf8 28. Qd2 Re6 29. Qg5 Rf2 30. Rd2 Rxd2 31. Qxd2 Be5 32. Qg5 Qf7 33. Re3 Qf6 34. Qxf6 Rxf6 35. Nf3 Kg7 36.
a4 g5 37. Nxg5 Rf2 38. Bd1 h4 39. axb5 hxg3+ 40. Kh3 axb5 41. b3 Rf1 42. Be2 Bc8+ 43. Kh4 Rh1+ 44. Nh3 Rxh3+ 45. gxh3 g2 46. bxc4 g1=Q 0-1

[Event "Live Chess"]
[Site "Chess.com"]
[Date "2023.05.21"]
[Round "-"]
[White "blunderabit"]
[Black "Richardallis"]
[Result "1/2-1/2"]
[WhiteElo "1814"]
[BlackElo "1879"]
[TimeControl "300"]
[EndTime "0:41:14 PDT"]
[Termination "Game drawn - insufficient material"]

1. e4 d5 2. exd5 Nf6 3. Bb5+ Bd7 4. Bc4 Bg4 5. f3 Bf5 6. Nc3 a6 7. a4 Nbd7 8. d3 Nb6 9. g4 Bg6 10. h4 h6 11. Qe2 Nfxd5 12. Nh3 Nxc3 13. bxc3 Nxc4 14.
dxc4 e6 15. Nf4 Bh7 16. Be3 Be7 17. h5 Bf6 18. Rd1 Bxc3+ 19. Kf2 Qe7 20. Rb1 b6 21. Rhd1 O-O 22. Kg2 Rfd8 23. Bf2 a5 24. Nd5 Rxd5 25. cxd5 Re8 26. Qc4 Bxc2 27. Qxc3 Bxb1 28.
Rxb1 exd5 29. Re1 Qd7 30. Rxe8+ Qxe8 31. Qxc7 Qxa4 32. Qd8+ Kh7 33. Qxd5 b5 34. Qxf7 Qc4 35. Qg6+ Kg8 36. Qe8+ Kh7 37. Qe4+ Qxe4 38. fxe4 b4 39. Bc5 Kg8 40. Kf2 Kf7 41. Ke3 Ke6 42. Kd4 Kf6 43. e5+ Ke6 44. Bd6 b3 45. Kc3 a4 46. Kb2 Kd5 47.
Ka3 Ke6 48. Kb2 Kd5 49. Bf8 Kxe5 50. Bxg7+ Kf4 51. Ka3 Kxg4 52. Kxa4 b2 53. Bxb2 Kxh5 54. Bc1 Kg6 55. Bxh6 1/2-1/2

[Event "Live Chess"]
[Site "Chess.com"]
[Date "2023.05.21"]
[Round "-"]
[White "JoeRoot66"]
[Black "chessfiction"]
[Result "0-1"]
[WhiteElo "1923"]
[BlackElo "2356"]
[TimeControl "300"]
[EndTime "0:41:23 PDT"]
[Termination "chessfiction won by resignation"]

1. e4 d5 2. exd5 c6 3. d4 Nf6 4. Nf3 cxd5 5. Bd3 Nc6 6. c3 Bg4 7. h3 Bh5 8. O-O Qc7 9. Re1 O-O-O 10. Nbd2 g5 11. Nf1 g4 12. Bf5+ e6 13. Bxg4 Nxg4 14. hxg4 Bxg4 15. Qd3 Rg8 16. N1h2 h5 17. g3 Bf5 18.
Qe2 Bd6 19. Ne5 f6 20. Nxc6 Bxg3 21. fxg3 Qxg3+ 22. Kh1 Be4+ 23. Qxe4 dxe4 24. Ne7+ Kd7 25. Nxg8 Qxe1+ 26. Kg2 Rxg8+ 0-1

[Event "Live Chess"]
[Site "Chess.com"]
[Date "2023.05.21"]
[Round "-"]
[White "Doge_Dandolo"]
[Black "WelshTiger"]
[Result "1/2-1/2"]
[WhiteElo "1905"]
[BlackElo "2352"]
[TimeControl "300"]
[EndTime "0:41:29 PDT"]
[Termination "Game drawn by repetition"]

1. Nf3 c5 2. c4 Nf6 3. g3 g6 4. Bg2 Bg7 5. Nc3 O-O 6. O-O d6 7. d4 cxd4 8. Nxd4 Nbd7 9. h3 a6 10. Be3 Nc5 11. Rc1 Ne6 12. Nd5 Nxd5 13. cxd5 Nxd4 14.
Bxd4 Bxd4 15. Qxd4 Bd7 16. Rc3 Rc8 17. Rfc1 Qa5 18. a3 Rxc3 19. Rxc3 Rc8 20. Rxc8+ Bxc8 21. Kh2 Bd7 22. Qc4 Kf8 23. Qc1 Kg7 24. b4 Qb6 25.
Kg1 f6 26. h4 a5 27. Qc3 axb4 28. axb4 h5 29. Bf3 Bf5 30. e4 Bd7 31. Be2 Qd8 32. Kg2 Qc8 33. Qxc8 Bxc8 34. Bb5 f5 35. f3 fxe4 36.
fxe4 Kf6 37. Kf2 g5 38. Be8 gxh4 39. gxh4 Bg4 40. Ke3 Ke5 41. b5 b6 42. Bc6 e6 43.
dxe6 Bxe6 44. Be8 Bg4 45. Bc6 Bd1 46. Be8 Bg4 47. Bc6 Be6 48. Be8 Bg4 1/2-1/2

[Event "Live Chess"]
[Site "Chess.com"]
[Date "2023.05.21"]
[Round "-"]
[White "Bot_Boy"]
[Black "Long1968"]
[Result "0-1"]
[WhiteElo "334"]
[BlackElo "1012"]
[TimeControl "300"]
[EndTime "0:41:46 PDT"]
[Termination "Long1968 won on time"]

1. e4 e6 2. Nf3 d5 3. e5 c5 4. Bb5+ Nc6 5. Bxc6+ bxc6 6. d4 Ba6 7. Be3 Qb6 8. b3 c4 9. Nc3 cxb3 10. axb3 Bb4 11.
Bd2 Ne7 12. Na4 Bxd2+ 13. Qxd2 Qc7 14. Nc5 Bb5 15. Na6 Qb6 16. Qa5 O-O 17. Qxb6 axb6 18. Kd2 Rxa6 19. Rxa6 Bxa6 20. Ne1 Ra8 21. Nd3 Bxd3 22.
cxd3 Nf5 23. Rc1 Nxd4 24. Rc3 c5 0-1

[Event "Live Chess"]
[Site "Chess.com"]
[Date "2023.05.21"]
[Round "-"]
[White "mattihelenius2"]
[Black "smoggyrabbit"]
[Result "0-1"]
[WhiteElo "493"]
[BlackElo "1726"]
[TimeControl "300"]
[EndTime "0:42:05 PDT"]
[Termination "smoggyrabbit won by checkmate"]

1. d4 e6 2. e4 d5 3. Nc3 Nf6 4. Be3 dxe4 5. Bb5+ c6 6. Ba4 Bb4 7. Qd2 O-O 8. a3 Bxc3 9. Qxc3 Nbd7 10. Ne2 Nb6 11. b3 Nxa4 12. bxa4 Nd5 13. Qc5 Nxe3 14.
fxe3 Bd7 15. Rf1 b5 16. Nf4 bxa4 17. Nh5 f5 18. Qe5 Qg5 19. Qxg7+ Qxg7 20. Nxg7 Kxg7 21. Rb1 Rab8 22. Rxb8 Rxb8 23. Kd2 Kf6 24. c4 e5 25. dxe5+ Kxe5 26. Kc3 Rb3+ 27. Kc2 Rxa3 28. Rb1 Rxe3 29. Rb7 Be6 30. Rxa7 a3 31. Rxh7 Bxc4 32. Kb1 a2+ 33. Ka1 Re1+ 34. Kb2 a1=Q+ 35. Kc2 Qc1# 0-1

[Event "Live Chess"]
[Site "Chess.com"]
[Date "2023.05.21"]
[Round "-"]
[White "BostonStrangler"]
[Black "Ferrarifan27"]
[Result "1-0"]
[WhiteElo "2066"]
[BlackElo "2072"]
[TimeControl "300"]
[EndTime "0:42:21 PDT"]
[Termination "BostonStrangler won by resignation"]

1. Nf3 Nf6 2. g3 d5 3. Bg2 Bf5 4. d3 e6 5. c4 c6 6. Qb3 Qb6 7.
O-O Nbd7 8. Be3 Qxb3 9. axb3 c5 10. Nh4 Bg4 11. Re1 d4 12. Bd2 g5 13. Nf3 h6 14.
Na3 a6 15. Nc2 Bd6 16. b4 e5 17. bxc5 Nxc5 18. Bb4 Nfd7 19. Nd2 O-O 20. Bxc5 Nxc5 21. b4 Ne6 22. c5 Bc7 23. Bxb7 Rab8 24. Bxa6 h5 25. Bc4 h4 26. Ne4 f6 27. f3 Bh3 28.
g4 Kf7 29. Ra6 Rfe8 30. Rxe6 Rxe6 31. Bxe6+ Kxe6 32. Nf2 Bxg4 33. fxg4 Ra8 34. Ra1 Rxa1+ 35. Nxa1 1-0

[Event "Live Chess"]
[Site "Chess.com"]
[Date "2023.05.21"]
[Round "-"]
[White "AttackingSnowLeopard"]
[Black "raimundklein"]
[Result "1-0"]
[WhiteElo "2209"]
[BlackElo "1743"]
[TimeControl "300"]
[EndTime "0:42:40 PDT"]
[Termination "AttackingSnowLeopard won on time"]

1. d4 Nf6 2. c4 g6 3. Nc3 Bg7 4. e4 d5 5. cxd5 O-O 6. Be2 c6 7. dxc6 Nxc6 8. Be3 Qa5 9. Qd2 Ng4 10. Bxg4 Bxg4 11. f3 Bd7 12. Nge2 Rad8 13. O-O a6 14. Rac1 b5 15. a3 b4 16. axb4 Nxb4 17. Ra1 Qb6 18. d5 Qb7 19. Bd4 e5 20. Bc5 Rfe8 21. Rfc1 a5 22.
Na4 f5 23. Nb6 fxe4 24. fxe4 Na6 25. Nxd7 Rxd7 26. Rxa5 Nxc5 27. Raxc5 Qb6 28. Kh1 Bf8 29. Rc6 Qb3 30. R1c3 Qa2 31. Qc2 Rb7 32. Nc1 Qa1 33. b3 Ba3 34. g3 Rf7 35. Kg2 Ref8 36. Rc8 Bb4 37. Rxf8+ Rxf8 38. Rc8 Qd4 39. Rxf8+ Bxf8 40. Ne2 1-0